 Dungeon Crawl Stone Soup version 0.20-a0-618-gbb8d3ca (console) character file.

325 Morrissey the Grave Robber (level 6, -17/54 HPs)
             Began as a Deep Dwarf Necromancer on Feb 8, 2017.
             Demolished by an ogre
             ... wielding a +0 giant club
              (21 damage)
             ... on level 4 of the Dungeon on Feb 9, 2017.
             The game lasted 00:16:29 (4382 turns).

Morrissey the Grave Robber (Deep Dwarf Necromancer) Turns: 4382, Time: 00:16:29

Health: -17/54     AC:  3    Str: 13    XL:     6   Next: 24%
Magic:  0/10       EV: 12    Int: 16    God:
Gold:   149        SH:  0    Dex: 13    Spells: 6/11 levels left

rFire    . . .     SeeInvis .   x - +1 flail (venom)
rCold    . . .     Gourm    .   a - +0 robe
rNeg     . . .     Faith    .   (no shield)
rPois    .         Spirit   .   (no helmet)
rElec    .         Reflect  .   r - +0 cloak
rCorr    .         Harm     .   (no gloves)
MR       .....                  (no boots)
Stlth    ++........             A - amulet of rage (curse)
Regen    0.0/turn               (no ring)
                                (no ring)

@: very slightly contaminated, non-regenerating, drained
A: damage resistance, heal wounds, sense surroundings 1, slow regeneration 3
a: Heal Wounds, Evoke Berserk Rage


You were on level 4 of the Dungeon.
You were not hungry.

You visited 1 branch of the dungeon, and saw 4 of its levels.

You collected 149 gold pieces.

Inventory:

Hand Weapons
 t - a +0 hand axe
 x - a +1 flail of venom (weapon)
 y - a +0 war axe
Armour
 a - a +0 robe (worn)
 l - a +0 ring mail
 r - a +0 cloak (worn)
 z - a +0 chain mail
Jewellery
 A - a cursed amulet of rage (around neck)
Scrolls
 d - 2 scrolls of random uselessness
 e - 5 scrolls of teleportation
 f - 3 scrolls of identify {unknown}
 g - 2 scrolls of magic mapping {unknown}
 h - a scroll of amnesia {unknown}
 j - 4 scrolls of noise {unknown}
 m - 2 scrolls of recharging {unknown}
 p - 3 scrolls of remove curse {unknown}
 v - a scroll of immolation {unknown}
Potions
 i - 2 potions of haste {unknown}
 k - a potion of curing {unknown}
 n - a potion of lignification {unknown}
 o - a potion of flight {unknown}
 q - a potion of degeneration {unknown}
 s - 2 potions of heal wounds {unknown}
 u - a potion of resistance {unknown}
Books
 b - a book of Necromancy

   Spells                             Type                      Level
   a - Pain                           Necromancy                   1
   b - Animate Skeleton               Necromancy                   1
   c - Vampiric Draining              Necromancy                   3
   d - Regeneration                   Charms/Necromancy            3
   e - Animate Dead                   Necromancy                   4
   f - Control Undead                 Necromancy                   4
Comestibles
 c - 2 bread rations
 w - a royal jelly
 B - 8 chunks of flesh
 C - a meat ration


   Skills:
 + Level 2.3 Fighting
 + Level 0.4 Axes
 - Level 2.1 Dodging
 - Level 2.4(2.3) Stealth
 - Level 0.3 Unarmed Combat
 - Level 3.0 Spellcasting
 + Level 6.7 Necromancy


You had 6 spell levels left.
You knew the following spells:

 Your Spells              Type           Power        Failure   Level  Hunger
a - Pain                  Necr           ###.         1%          1    #......
b - Animate Skeleton      Necr           N/A          1%          1    #......
c - Vampiric Draining     Necr           ###.......   4%          3    ###....


Dungeon Overview and Level Annotations

Branches:
Dungeon (4/15)
 Temple: D:4-7

Altars:
Fedhas
Okawaru


Innate Abilities, Weirdness & Mutations

You are resistant to damage.
You can heal yourself by infusing magical energy.
You passively map a small area around you.
You do not regenerate.


Message History

Press: ? - help, Shift-Dir - straight line, f/p - ogre
Aim: an ogre, wielding a giant club (heavily wounded)
You miscast Vampiric Draining.
You are very lightly contaminated with residual magic.
Pain shoots through your body.
* * * LOW MAGIC WARNING * * *
The ogre misses you.
Casting: Vampiric Draining
Confirm with . or Enter, or press ? or * to list all spells.
Aiming: Pain
Press: ? - help, Shift-Dir - straight line, f/p - ogre
Aim: an ogre, wielding a giant club (heavily wounded, chance to defeat MR: 83%)
The ogre writhes in agony!
* * * LOW MAGIC WARNING * * *
The ogre hits you with a giant club!!
* * * LOW HITPOINT WARNING * * *
You closely miss the ogre.
The ogre is almost dead.
The ogre hits you with a giant club!!
You die...

#.##.........#
#.#..........# *
#.#..........#
#.#..........##### *
#.#..............# * ,
###.#..###########.# ,
...................# **#*
#.#.#.###########..##.... ,
)..............O@.........
,
#.....#.###.######.##.....,
...<.....# #.# ,...?
...)..#..#* #># , ... *,
#........#* * #.# .. *
......##.# * #.# ,, .
##>........,, ... *
#.#####.##,* * .# , *, ,
#.# * #* ,,


You could see an ogre.

Vanquished Creatures
  An ogre (D:4)
  An orc priest (D:3)
  An iguana (D:4)
  3 gnolls (D:3)
  5 adders
  An ooze (D:1)
  A worm (D:3)
  A dart slug (D:1)
  A leopard gecko (D:1)
  10 orcs
  2 giant cockroaches
  11 goblins
  11 hobgoblins
  9 jackals
  7 bats
  5 frilled lizards
  11 kobolds
  A quokka skeleton (D:4)
  11 rats
93 creatures vanquished.

Vanquished Creatures (collateral kills)
  2 goblins (D:1)
  A hobgoblin (D:1)
3 creatures vanquished.

Grand Total: 96 creatures vanquished

Notes
Turn   | Place    | Note
-------+----------+-------------------------------------------
     0 | D:1      | Morrissey the Deep Dwarf Necromancer began the quest for the Orb.
     0 | D:1      | Reached XP level 1. HP: 15/15 MP: 3/3
   181 | D:1      | Reached XP level 2. HP: 14/22 MP: 0/4
   346 | D:1      | Learned a level 1 spell: Animate Skeleton
   518 | D:1      | Reached skill level 5 in Necromancy
   543 | D:1      | Upgraded the game from 0.20-a0-555-gf6ae02d to 0.20-a0-618-gbb8d3ca
   811 | D:1      | Reached XP level 3. HP: 19/30 MP: 0/6
   900 | D:1      | Learned a level 3 spell: Vampiric Draining
  1320 | D:1      | Reached skill level 1 in Fighting
  2105 | D:2      | Found a blossoming altar of Fedhas.
  2241 | D:2      | Reached XP level 4. HP: 26/38 MP: 5/7
  2937 | D:3      | Found an iron altar of Okawaru.
  3392 | D:3      | Reached skill level 6 in Necromancy
  3392 | D:3      | Reached XP level 5. HP: 10/44 MP: 0/8
  4154 | D:4      | Noticed an ogre
  4162 | D:4      | Killed an ogre
  4162 | D:4      | Reached XP level 6. HP: 17/52 MP: 3/10
  4382 | D:4      | Demolished by an ogre

Vault maps used:
D:1:      minmay_arrival_wavy_path, minmay_small_reverse_x
D:2:      fedhas_altar_3
D:3:      kennysheep_okawaru_gauntlet
D:4:      grunt_temple_overflow_champion_of_chaos

Skill      XL: |  1  2  3  4  5 |
---------------+----------------+-----
Necromancy     | 5 6 |  6.7
Spellcasting   | 2 3 |  3.0
Fighting       | 1 2 |  2.3
Axes           | |  0.4
Dodging        | |  2.1
Stealth        | |  2.4
Unarmed Combat | |  0.3

Action                   |  1- 3 |  4- 6 || total
-------------------------+-------+-------++-------
Melee: Unarmed           |    26 |     1 ||    27
       Hand axe          |       |    29 ||    29
       Flail             |       |    33 ||    33
 Cast: Pain              |    69 |    58 ||   127
       Animate Skeleton  |    14 |       ||    14
       Vampiric Draining |     6 |    30 ||    36
  Use: Scroll            |       |     2 ||     2
  Eat: Chunk             |     7 |    12 ||    19
Armor: Robe              |     6 |    21 ||    27
Dodge: Dodged            |    31 |    79 ||   110
